 Dungeon Crawl Stone Soup version 0.29-a0-91-gdebf4667c2 (webtiles) character file.

Game seed: 10643153872049077807

79 drugrobin the Skirmisher (level 3, -2/31 HPs)
             Began as a Demigod Warper on Feb 7, 2022.
             Slain by a water moccasin (9 damage)
             ... on level 4 of the Dungeon.
             The game lasted 00:05:58 (2146 turns).

drugrobin the Skirmisher (Demigod Warper)           Turns: 2146, Time: 00:05:59

Health: -2/31      AC:  3    Str: 12    XL:     3   Next: 97%
Magic:  4/8        EV: 12    Int: 15    God:
Gold:   71         SH:  0    Dex: 17    Spells: 3/5 levels left

rFire   . . .      SeeInvis +   l - +7 sceptre of Torment {pain, torment}
rCold   . . .      Faith    .   (no shield)
rNeg    . . .      Spirit   .   b - +0 leather armour
rPois   .          Reflect  .   (no helmet)
rElec   .          Harm     .   (no cloak)
rCorr   .          Rampage  .   (no gloves)
Will    .....                   (no boots)
Stlth   +.........              (no amulet)
HPRegen 0.10/turn               n - ring of see invisible
MPRegen 0.11/turn               (no ring)

@: lethally poisoned (-2 -> -21), very slightly contaminated
A: high MP 1, forlorn, divine attributes
a: no special abilities


You were on level 4 of the Dungeon.
You visited 1 branch of the dungeon, and saw 3 of its levels.

You collected 71 gold pieces.

Inventory:

Hand Weapons
 a - a +0 spear
 g - a +2 dagger of draining
 l - the +7 sceptre of Torment (weapon) {pain, torment}
   (You took it off a kobold on level 2 of the Dungeon)

   In the hands of one skilled in necromantic magic, it inflicts extra damage on
   living creatures.
   It occasionally torments all nearby living foes when it strikes in combat.
Missiles
 d - 5 boomerangs of dispersal
 e - 68 stones (quivered)
 k - 18 bolts
Armour
 b - a +0 leather armour (worn)
Jewellery
 i - a ring of ice
 n - a ring of see invisible (left hand)
Scrolls
 c - 2 scrolls of blinking
 m - a scroll of amnesia {unknown}
 o - a scroll of identify {unknown}
 p - a scroll of teleportation {unknown}
Potions
 f - a potion of magic {unknown}
 h - a potion of lignification {unknown}
 j - 2 potions of invisibility {unknown}


   Skills:
 + Level 3.1 Fighting
 * Level 1.1 Maces & Flails
 - Level 2.8 Polearms
 - Level 0.8 Throwing
 - Level 0.8 Armour
 - Level 1.7 Dodging
 - Level 1.7 Spellcasting
 - Level 2.6 Translocations


You had 3 spell levels left.
You knew the following spells:

 Your Spells              Type           Power      Damage    Failure   Level
b - Blink                 Tloc           18%        N/A       14%         2

Your spell library contained the following spells:

 Spells                   Type           Power      Damage    Failure   Level
 Magic Dart               Conj           4%         1d3       28%         1
 Sandblast                Erth           2%         2d4       28%         1
 Gell's Gravitas          Tloc           9%         N/A       28%         3
 Lesser Beckoning         Tloc           9%         N/A       28%         3
 Teleport Other           Tloc           9%         N/A       28%         3
 Call Imp                 Summ           1%         N/A       41%         2
 Passwall                 Tmut/Erth      0%         N/A       41%         2
 Mephitic Cloud           Conj/Pois/Air  1%         N/A       65%         3
 Stone Arrow              Conj/Erth      2%         3d7       65%         3
 Manifold Assault         Tloc           9%         N/A       95%         5


Dungeon Overview and Level Annotations

Branches:
Dungeon (2/15)

Annotations:
D:4 Pikel


Innate Abilities, Weirdness & Mutations

You have an increased reservoir of magic. (+10% MP)
You shall have no god before yourself.
Your divine heritage dramatically boosts your attributes as you level up.


Message History

Pikel hits you with a +2 whip of flaming.
Pikel burns you.
Unknown command.
You barely miss Pikel.
Pikel is moderately wounded.
Pikel barely misses you.
Pikel hits you with a +2 whip of flaming!
Pikel burns you.
Unknown command.
You see here a quokka corpse.
Pikel says, "You'll feel the lick of my whip!"
A water moccasin comes into view.
The water moccasin hisses angrily.
The water moccasin barely misses you.
Casting: Blink (safe; 14% risk of failure)
Confirm with . or Enter, or press ? or * to list all spells.
You blink.
You aren't carrying any items that you can evoke.
A hobgoblin comes into view.
Found 18 bolts.
The water moccasin bites you. The water moccasin closely misses you.
You feel stable enough to blink again. The hobgoblin misses you.
Casting: Blink (safe; 14% risk of failure)
Confirm with . or Enter, or press ? or * to list all spells.
Okay, then.
Unknown command.
You closely miss the water moccasin. The water moccasin bites you.
The water moccasin closely misses you. The hobgoblin closely misses you.
Unknown command.
Casting: Blink (safe; 14% risk of failure)
Confirm with . or Enter, or press ? or * to list all spells.
You miscast Blink.
You are very lightly contaminated with residual magic.
Nothing appears to happen.
The water moccasin bites you.
* * * LOW HITPOINT WARNING * * *
You are lethally poisoned!
The water moccasin poisons you! The hobgoblin completely misses you.
The water moccasin bites you!
You die...

#.##..# #.##..# #.##.†#
#5##..# #.##..#####
#K##..#...#### .
#.##..........
...(#######.###.....####
......g@SK5.# #..#.##
###.######### #..#.#
#..#.# ...#.# ....#..
########


You could see Pikel, a water moccasin, a lemure and a hobgoblin.

Vanquished Creatures
  3 adders (D:2)
  2 dart slugs
  3 endoplasms (D:1)
  5 giant cockroaches
  6 goblins
  A hobgoblin (D:2)
  4 jackals (D:4)
  4 kobolds
  3 quokkas
  3 ball pythons (D:1)
  2 bats (D:1)
  8 frilled lizards
  4 rats
48 creatures vanquished.

Vanquished Creatures (others)
  A fungus (D:1)
  3 plants
4 creatures vanquished.

Grand Total: 52 creatures vanquished

Notes
Turn   | Place    | Note
-------+----------+-------------------------------------------
     0 | D:1      | drugrobin the Demigod Warper began the quest for the Orb.
     0 | D:1      | Reached XP level 1. HP: 17/17 MP: 5/5
   155 | D:1      | Reached skill level 2 in Fighting
   483 | D:1      | Reached XP level 2. HP: 24/24 MP: 7/7
  1188 | D:2      | Reached XP level 3. HP: 24/30 MP: 8/8
  1439 | D:2      | Learned a level 2 spell: Blink
  1639 | D:2      | Reached skill level 3 in Fighting
  1905 | D:2      | You fall into a shaft and drop 2 floors!
  1953 | D:4      | Reached skill level 1 in Maces & Flails
  2077 | D:4      | Noticed Pikel
  2077 | D:4      | Noticed a lemure
  2077 | D:4      | Noticed a lemure
  2077 | D:4      | Noticed a lemure
  2083 | D:4      | Noticed a lemure
  2136 | D:4      | Noticed a water moccasin
  2146 | D:4      | Slain by a water moccasin

Illustrated notes

Levels and vault maps discovered:
D:1:      giann_horns, layout_basic, shapermc_ecumenical_altar_mp_urbaneastern
D:2:      layout_loops_corners
D:4:      layout_loops_ring, gammafunk_temple_overflow_forgotten, uniq_pikel

Skill      XL: |  1  2  3 |
---------------+----------+-----
Fighting       | 2 3 |  3.1
Polearms       | 2 |  2.8
Maces & Flails | 1 |  1.1
Throwing       | |  0.8
Armour         | |  0.8
Dodging        | |  1.7
Spellcasting   | |  1.7
Translocations | |  2.6

Action                   || total
-------------------------++-------
Melee: Spear             ||    36
       Dagger            ||    97
       Punch             ||     2
       Eveningstar       ||    18
Throw: Stone             ||    11
 Cast: Blink             ||     1
Armor: Leather armour    ||    34
Dodge: Dodged            ||    93

Table legend: (Time is in decaauts)
 A = Elapsed time spent in this place.
 B = Non-inter-level travel time spent in this place.
 C = Inter-level travel time spent in this place.
 D = Time resting spent in this place.
 E = Time spent auto-exploring this place.
 F = Levels seen in this place.
 G = Mean time per level.
                   A        B        C        D        E       F      G
               +--------+--------+--------+--------+--------+-----+--------+
         Total |   2149 |   2123 |     26 |    386 |   1228 |   3 |  716.3 |
       Dungeon |   2149 |   2123 |     26 |    386 |   1228 |   3 |  716.3 |
               +--------+--------+--------+--------+--------+-----+--------+

Top non-repeatable levels by time:
     D:1: 1179 daAuts
     D:2: 726 daAuts
     D:4: 243 daAuts
